 Dungeon Sprint DCSS version 0.30.0-5-g1a98f26d00 (webtiles) character file.

Game seed: 9634551928528594957

39490 Groucho the End of an Era (level 14, -1/147 HPs)
             Began as a Naga Fighter on May 8, 2023.
             Was the Champion of Qazlal.
             Slain by an emperor scorpion (13 damage)
             ... summoned by a royal mummy
             ... in the Dungeon (Sprint V: "Ziggurat Sprint").
             The game lasted 00:16:27 (4984 turns).

Groucho the End of an Era (Naga Fighter)            Turns: 4984, Time: 00:16:28

Health: -1/147     AC: 32    Str: 27    XL:     14   Next: 6%
Magic:  4/28       EV: 10    Int: 11    God:    Qazlal [******]
Gold:   0          SH: 40    Dex: 21    Spells: 13/13 levels left

rFire   + + .        C - +10 sling of Utzeippa {heavy, rC+ rN+ Dex+2}
rCold   + + .        c - +18 shield of the Gong {Loud rN+ Will+ rCorr EV-5}
rNeg    + + .        b - +15 Maxwell's patent armour {-Cast -Tele rElec Will+ rCorr}
rPois   +            T - +0 mask of the Dragon {Will+ Slay+3 SInv}
rElec   +            (no cloak)
rCorr   +            O - +0 pair of gloves "Isokh" {Will+ Stlth+}
SInv    +            (no barding)
Will    +++++        V - amulet "Galol" {Acrobat Int+3 Dex+5} Stlth
                     B - +6 ring of strength
HPRegen 0.44/turn    Y - ring of Odewk {rPois rF++ rC+ EV+5}
MPRegen 0.21/turn

%: no teleportation, no spellcasting, repel missiles, acrobat
@: slowed, very slow
A: AC +4, large, see invisible, deformed body, poison resistance, slowness 2,
spit poison 1, naga tail 2, stinger 1
a: Spit Poison, Renounce Religion, Upheaval, Elemental Force, Disaster Area


You were in the Dungeon.
You worshipped Qazlal.
Qazlal was exalted by your worship.
You visited 1 branch

Inventory:

Hand Weapons
 a - the +6 shillelagh "Devastator" {shatter}
   (You found it in the Dungeon)
 k - a +5 hand crossbow
 l - a +5 sling
 y - the +6 arbalest "Damnation" {damnation}
   (You found it in the Dungeon)
 C - the +10 sling of Utzeippa (weapon) {heavy, rC+ rN+ Dex+2}
   (You found it in the Dungeon)

   Dex:       It affects your dexterity (+2).
   rC:        It protects you from cold.
   rN:        It protects you from negative energy.
 E - the +6 Majin-Bo {spellvamp, MP+6 Int+6}
   (You found it in the Dungeon)

   Int:       It affects your intelligence (+6).
   MP:        It affects your magic capacity (+6).
 F - the +10 dark maul {heavy}
   (You found it in the Dungeon)
 G - the +27 heavy crossbow "Sniper" {heavy, Acc+∞ SInv}
   (You found it in the Dungeon)

   Acc+∞: It never misses its target.
   SInv:      It lets you see invisible.
 H - the +16 obsidian axe {drain, demonic, Mesm Drain Fly SInv}
   (You found it in the Dungeon)

   Mesm:      Its wielder is mesmerised by any visible foes, and it cannot be
   unequipped while any foes are visible.
   SInv:      It lets you see invisible.
   Fly:       It grants you flight.
   Drain:     It drains your maximum health when unequipped.
 I - the +7 great mace "Firestarter" {flame, immolate, rFlCloud rF++}
   (You found it in the Dungeon)

   rFlCloud:  It grants immunity to clouds of flame.
   rF:        It greatly protects you from fire.
 J - the +8 storm bow {elec, penet}
   (You found it in the Dungeon)
 K - the +9 sword of Power {lifebolt}
   (You found it in the Dungeon)
 L - the +9 sword of Zonguldrok {reap}
   (You found it in the Dungeon)
Armour
 b - the +15 Maxwell's patent armour (worn) {-Cast -Tele rElec Will+ rCorr}
   (You found it in the Dungeon)

   rElec:     It insulates you from electricity.
   -Cast:     It prevents spellcasting.
   -Tele:     It prevents most forms of teleportation.
   rCorr:     It protects you from acid and corrosion.
   Will:      It increases your willpower.
 c - the +18 shield of the Gong (worn) {Loud rN+ Will+ rCorr EV-5}
   (You found it in the Dungeon)

   Loud:      It is deafeningly noisy when blocking attacks.
   EV:        It affects your evasion (-5).
   rN:        It protects you from negative energy.
   rCorr:     It protects you from acid and corrosion.
   Will:      It increases your willpower.
 O - the +0 pair of gloves "Isokh" (worn) {Will+ Stlth+}
   (You found it in the Dungeon)

   Will:      It increases your willpower.
   Stlth:     It makes you more stealthy.
 T - the +0 mask of the Dragon (worn) {Will+ Slay+3 SInv}
   (You found it in the Dungeon)

   Slay:      It affects your accuracy & damage with ranged weapons and melee
   (+3).
   SInv:      It lets you see invisible.
   Will:      It increases your willpower.
Jewellery
 x - a +6 ring of dexterity
 B - a +6 ring of strength (left hand)
 Q - the ring "Warik" {Fly rCorr Stlth+}
   (You found it in the Dungeon)

   [ring of flight]

   Fly:       It grants you flight.
   rCorr:     It protects you from acid and corrosion.
   Stlth:     It makes you more stealthy.
 R - a +6 ring of intelligence
 S - the ring of Xom's Whimsicality {*Slow rC+ Will+ SInv Stlth+}
   (You found it in the Dungeon)

   [ring of see invisible]

   rC:        It protects you from cold.
   SInv:      It lets you see invisible.
   *Slow:     It may slow you when you take damage.
   Will:      It increases your willpower.
   Stlth:     It makes you more stealthy.
 U - the ring "Yggun" {rPois rN+++ rCorr Str-4 Int-4}
   (You found it in the Dungeon)

   [ring of poison resistance]

   Str:       It affects your strength (-4).
   Int:       It affects your intelligence (-4).
   rPois:     It protects you from poison.
   rN:        It renders you almost immune to negative energy.
   rCorr:     It protects you from acid and corrosion.
 V - the amulet "Galol" (around neck) {Acrobat Int+3 Dex+5}
   (You found it in the Dungeon)

   [amulet of the acrobat]

   It increases your evasion while moving and waiting.
   Int:       It affects your intelligence (+3).
   Dex:       It affects your dexterity (+5).
 W - a +6 ring of dexterity
 X - an amulet of regeneration
 Y - the ring of Odewk (right hand) {rPois rF++ rC+ EV+5}
   (You found it in the Dungeon)

   [ring of evasion]

   EV:        It affects your evasion (+5).
   rF:        It greatly protects you from fire.
   rC:        It protects you from cold.
   rPois:     It protects you from poison.
Wands
 u - a wand of mindburst (22)
 v - a wand of quicksilver (7)
 z - a wand of paralysis (11)
 D - a wand of polymorph (8)
 M - a wand of digging (10)
 N - a wand of roots (17)
 P - a wand of flame (37)
Scrolls
 j - 4 scrolls of blinking
 m - 4 scrolls of amnesia
 n - 8 scrolls of fog
 o - 5 scrolls of identify
 p - 2 scrolls of fear
 A - 2 scrolls of brand weapon
Potions
 d - 8 potions of might
 e - 9 potions of curing
 f - 3 potions of heal wounds
 g - 14 potions of haste
 h - 5 potions of magic
 i - 3 potions of berserk rage
 q - 2 potions of brilliance
 r - 2 potions of invisibility
 s - 4 potions of resistance
 t - a potion of experience


   Skills:
 + Level 15.1 Fighting
 + Level 14.9 Maces & Flails
 * Level 10.1 Ranged Weapons
 * Level 14.2 Armour
 + Level 8.0 Dodging
 + Level 13.9 Shields
 * Level 20.4 Invocations


You had 13 spell levels left.
You didn't know any spells.
Your spell library contained the following spells:

 Spells                   Type           Power      Damage    Failure   Level
 Apportation              Tloc           0%         N/A       98%         1
 Magic Dart               Conj           0%         1d3       98%         1
 Sting                    Tmut/Pois      0%         1d3       98%         1
 Cigotuvi's Dreadful Rot  Necr/Pois/Air  0%         N/A       99%         2
 Poisonous Vapours        Pois/Air       0%         N/A       99%         2
 Searing Ray              Conj           0%         2d4       99%         2
 Static Discharge         Conj/Air       0%         2-2/arc   99%         2
 Sublimation of Blood     Necr           0%         N/A       99%         2
 Ignite Poison            Fire/Tmut/Pois 0%         N/A       100%        3
 Inner Flame              Hex/Fire       0%         N/A       100%        3
 Mephitic Cloud           Conj/Pois/Air  0%         N/A       100%        3
 Ozocubu's Armour         Ice            0%         N/A       100%        3
 Stone Arrow              Conj/Erth      0%         3d7       100%        3
 Tukima's Dance           Hex            0%         N/A       100%        3
 Airstrike                Air            0%         2d(0-16)  100%        4
 Animate Armour           Summ/Erth      0%         N/A       100%        4
 Animate Dead             Necr           0%         N/A       100%        4
 Dispel Undead            Necr           0%         3d6       100%        4
 Flame Wave               Conj/Fire      0%         2d4       100%        4
 Fulminant Prism          Conj/Hex       0%         3d5       100%        4
 Ice Form                 Ice/Tmut       0%         N/A       100%        4
 Olgreb's Toxic Radiance  Pois           0%         N/A       100%        4
 Passage of Golubria      Tloc           0%         N/A       100%        4
 Petrify                  Tmut/Erth      0%         N/A       100%        4
 Sticky Flame             Conj/Fire      0%         2d3       100%        4
 Summon Ice Beast         Ice/Summ       0%         N/A       100%        4
 Summon Lightning Spire   Summ/Air       0%         N/A       100%        4
 Alistair's Intoxication  Tmut/Pois      0%         N/A       100%        5
 Blade Hands              Tmut           0%         N/A       100%        5
 Borgnjor's Vile Clutch   Necr/Erth      0%         N/A       100%        5
 Freezing Cloud           Conj/Ice/Air   0%         6-21      100%        5
 Irradiate                Conj/Tmut      0%         3d11      100%        5
 Iskenderun's Battlesphe  Conj           0%         2d6       100%        5
 Metabolic Englaciation   Hex/Ice        0%         N/A       100%        5
 Yara's Violent Unravell  Hex/Tmut       0%         3d3       100%        5
 Conjure Ball Lightning   Conj/Air       0%         3x3d6     100%        6
 Death Channel            Necr           0%         N/A       100%        6
 Iron Shot                Conj/Erth      0%         9d1       100%        6
 Simulacrum               Ice/Necr       0%         N/A       100%        6
 Malign Gateway           Summ/Tloc      0%         N/A       100%        7
 Monstrous Menagerie      Summ           0%         N/A       100%        7
 Discord                  Hex            0%         N/A       100%        8
 Disjunction              Tloc           0%         N/A       100%        8
 Ignition                 Fire           0%         3d3       100%        8
 Lehudib's Crystal Spear  Conj/Erth      0%         10d2      100%        8
 Summon Horrible Things   Summ           0%         N/A       100%        8
 Shatter                  Erth           0%         3d5*      100%        9


Dungeon Overview and Level Annotations

Branches:
Dungeon (1/1)

Altars:
Ashenzari
Cheibriados
Dithmenos
Elyvilon
Fedhas
Gozag
Hepliaklqana
Kikubaaqudgha
Makhleb
Nemelex Xobeh
Okawaru
Qazlal
Ru
Sif Muna
Trog
Uskayaw
Vehumet
Wu Jian
Xom
Yredelemnul
Zin
The Shining One
Jiyva
Lugonu


Innate Abilities, Weirdness & Mutations

Your serpentine skin is tough. (AC +4)
You have supernaturally acute eyesight. (SInv)
Armour fits poorly on your strangely shaped body.
Your system is resistant to poisons. (rPois)
You cover ground very slowly.
You can spit poison.
You can use your snake-like lower body to constrict enemies.
Your tail ends in a venomous barb.


Message History

The blast of magma engulfs the ushabti!!
The ushabti partially resists.
You destroy the ushabti!
Qazlal accepts your kill.
You feel extremely nervous for a moment...
You feel horribly lethargic.
You feel yourself slow down.
You feel extremely nervous for a moment...
Your bones ache.
You block the death scarab's attack.
BONNNG!
The death scarab is engulfed in freezing vapours.
You block the death scarab's attack.
PTOANNNG!
You block the death scarab's attack.
GONNNNG!
You block the emperor scorpion's attack.
GONNNNG!
The emperor scorpion claws you but does no damage. x2
You block the royal mummy's attack.
SHROANNG!
The emperor scorpion stings you but does no damage.
The emperor scorpion completely misses you. x2
Your Dodging skill increases to level 8!
Unknown command.
Unknown command.
Unknown command.
You feel much better. You block the death scarab's attack.
GONNNNG!
You block the death scarab's attack.
BONNNG!
The death scarab barely misses you. The death scarab bites you!
* * * LOW HITPOINT WARNING * * *
The death scarab draws strength from your injuries!
The emperor scorpion is engulfed in a thunderstorm.
You kill the emperor scorpion!
The emperor scorpion's corpse disappears in a puff of smoke!
You block the death scarab's attack.
PTOANNNG!
The royal mummy casts a spell.
The emperor scorpion stings you!
You die...

▓.........
▓.....§.......▓.........
▓....§≈|≈.....▓.........
▓....§)?○M≈.§.▓..▓.....▓
▓....≈§§○≈§B.≈▓.▓▓▓...▓▓
≈..≈.§○§≈B§ ▓..▓.....▓
▓.☼≈☼≈.M▓ ▓.....©... ▓
▓▓○M°§.▓▓ ▓▓▓▓▓▓▓▓▓▓
▓≈≈▓...@s§.▓..▓....8©8..
▓..≈.B.BB☼....▓....[|...
▓≈≈≈..°○.§..≈.▓....)....
▓▓▓▓▓▓▓▓▓▓▓▓▓▓▓.....÷...
▓..)...).. ▓.........
▓......... ▓..▓.....▓
▓.▓▓▓...▓▓


You could see 2 royal mummies, an emperor scorpion (summoned), a guardian mummy
and 5 death scarabs.

Vanquished Creatures
  A royal mummy (D)
  A shard shrike (D)
  A deep elf master archer (D)
  3 narguns (D)
  2 frost giants (D)
  A deep elf sorcerer (D)
  A vault warden (D)
  3 very ugly things (D)
  An ironbound preserver (D)
  2 deep elf annihilators (D)
  A blizzard demon (D)
  A deep elf high priest (D)
  A vault guard (D)
  A hydra (D)
  An ice dragon (D)
  A two-headed ogre (shapeshifter) (D)
  A dancing weapon (D)
  An orc high priest (D)
  A fire crab (shapeshifter) (D)
  2 deep elf knights (D)
  A death drake (shapeshifter) (D)
  A deep troll (shapeshifter) (D)
  A sea snake (shapeshifter) (D)
  A deep elf archer (D)
  2 deep elf pyromancers (D)
  An ironbound convoker (D)
  A cyclops (shapeshifter) (D)
  3 orc sorcerers (D)
  A guardian serpent (shapeshifter) (D)
  A moth of wrath (shapeshifter) (D)
  2 black mambas (D)
  A torpor snail (D)
  A naga mage (D)
  2 hellions (D)
  A cane toad (D)
  A tormentor (D)
  3 freezing wraiths (D)
  4 guardian mummies (D)
  4 ice devils (D)
  A polar bear (D)
  A tarantella (D)
  A raiju (shapeshifter) (D)
  2 blink frogs (D)
  2 jumping spiders (D)
  2 flying skulls (D)
  A spriggan (shapeshifter) (D)
  An air elemental (D)
  2 basilisks (D)
  3 yaks (D)
  An ushabti (D)
  2 golden eyes (shapeshifter) (D)
  A basilisk (shapeshifter) (D)
  A fire elemental (D)
  2 neqoxecs (D)
  2 wargs (D)
  An ice beast (D)
  3 water moccasins (D)
  4 orc warriors (D)
  An ogre (D)
  3 phantoms (D)
  A bullfrog (D)
  2 necrophages (D)
  An earth elemental (D)
  A scorpion (shapeshifter) (D)
  A scorpion (D)
  A wight (D)
  A crimson imp (D)
  A quasit (D)
  3 orc priests (D)
  A jelly (D)
  An iron imp (D)
  3 orc wizards (D)
  2 mummies (D)
  5 adders (D)
  A shadow imp (D)
  2 white imps (D)
  5 adder skeletons (D)
  An orc (D)
  A bat zombie (D)
  A jackal (D)
  4 ball python simulacra (D)
  3 ball python zombies (D)
  2 quokka simulacra (D)
140 creatures vanquished.

Vanquished Creatures (collateral kills)
  A yaktaur captain (D)
  A vault sentinel (D)
  A tormentor (D)
  An orc warrior (D)
4 creatures vanquished.

Vanquished Creatures (others)
  A bat simulacrum (D)
1 creature vanquished.

Grand Total: 145 creatures vanquished

Notes
Turn   | Place    | Note
-------+----------+-------------------------------------------
     0 | D        | Groucho the Naga Fighter began the quest for the Orb.
     0 | D        | Reached XP level 1. HP: 21/21 MP: 1/1
    13 | D        | Found a blossoming altar of Fedhas.
    13 | D        | Found the +6 Majin-Bo {spellvamp, MP+6 Int+6}
    13 | D        | Found the +27 heavy crossbow "Sniper" {heavy, Acc+∞ SInv}
    13 | D        | Found the +10 dark maul {heavy}
    13 | D        | Found the +15 Maxwell's patent armour {-Cast -Tele rElec
                  | Will+ rCorr}
    13 | D        | Found the +18 shield of the Gong {Loud rN+ Will+ rCorr
                  | EV-5}
    13 | D        | Found the +16 obsidian axe {drain, demonic, Mesm Drain Fly
                  | SInv}
    13 | D        | Found the +7 great mace "Firestarter" {flame, immolate,
                  | rFlCloud rF++}
    13 | D        | Found the +6 shillelagh "Devastator" {shatter}
    13 | D        | Found the +11 plutonium sword {Contam Stlth-}
    13 | D        | Found the +8 lance "Wyrmbane" {slay drac, rPois rF+ rC+
                  | AC+3}
    13 | D        | Found the +9 sword of Zonguldrok {reap}
    13 | D        | Found the +13 scythe of Curses {drain, curses, Drain}
    13 | D        | Found the +9 sword of Power {lifebolt}
    13 | D        | Found the +7 mace of Variability {chaos, chaos arc}
    13 | D        | Found the +11 Singing Sword {sonic wave}
    13 | D        | Found the +8 storm bow {elec, penet}
    14 | D        | Found a transporter.
    14 | D        | Found a viscous altar of Jiyva.
    14 | D        | Found an ancient bone altar of Kikubaaqudgha.
    14 | D        | Found a hazy altar of Hepliaklqana.
    14 | D        | Found a corrupted altar of Lugonu.
    14 | D        | Found an opulent altar of Gozag.
    14 | D        | Found a burning altar of Makhleb.
    20 | D        | Found an iron altar of Okawaru.
    20 | D        | Found a sparkling altar of Nemelex Xobeh.
    20 | D        | Found a stormy altar of Qazlal.
    20 | D        | Found a sacrificial altar of Ru.
    20 | D        | Found a shimmering blue altar of Sif Muna.
    57 | D        | Found a bloodstained altar of Trog.
   104 | D        | Became a worshipper of Qazlal Stormbringer
   129 | D        | Entered arena 2.
   129 | D        | Noticed a yak
   129 | D        | Found a transporter.
   133 | D        | Killed a yak
   134 | D        | Reached skill level 5 in Fighting
   134 | D        | Reached skill level 4 in Invocations
   134 | D        | Reached XP level 2. HP: 32/32 MP: 1/5
   134 | D        | Reached XP level 3. HP: 39/39 MP: 1/6
   134 | D        | Reached XP level 4. HP: 46/46 MP: 1/7
   134 | D        | Reached XP level 5. HP: 52/52 MP: 1/8
   497 | D        | Entered arena 3.
   497 | D        | Noticed a phantom
   497 | D        | Found a transporter.
   502 | D        | Reached * piety under Qazlal
   502 | D        | Killed a phantom
   503 | D        | Reached skill level 5 in Maces & Flails
   503 | D        | Reached skill level 5 in Shields
   503 | D        | Reached skill level 5 in Invocations
   504 | D        | Reached skill level 5 in Armour
   504 | D        | Reached XP level 6. HP: 63/63 MP: 8/10
   517 | D        | Entered arena 4.
   517 | D        | Noticed a golden eye
   517 | D        | Noticed an entropy weaver
   517 | D        | Noticed a golden eye
   517 | D        | Noticed an ice beast
   517 | D        | an entropy weaver changed into a guardian serpent
   517 | D        | Noticed a guardian serpent (shapeshifter)
   517 | D        | an ice beast changed into a scorpion
   517 | D        | Found a transporter.
   520 | D        | Killed a golden eye
   520 | D        | Reached ** piety under Qazlal
   520 | D        | Killed a golden eye
   521 | D        | Reached skill level 7 in Invocations
   521 | D        | Reached XP level 7. HP: 72/72 MP: 10/12
   526 | D        | a guardian serpent changed into a raiju
   526 | D        | Noticed a raiju (shapeshifter)
   528 | D        | Killed a raiju
   529 | D        | Reached skill level 8 in Invocations
   743 | D        | Entered arena 5.
   743 | D        | Noticed a jumping spider
   743 | D        | Noticed a tarantella
   743 | D        | Noticed a jumping spider
   743 | D        | Found a transporter.
   745 | D        | Killed a tarantella
   746 | D        | Reached XP level 8. HP: 82/82 MP: 7/14
   746 | D        | Reached *** piety under Qazlal
   747 | D        | Killed a jumping spider
   747 | D        | Killed a jumping spider
   748 | D        | Reached skill level 9 in Invocations
   915 | D        | Entered arena 6.
   915 | D        | Noticed a spriggan
   915 | D        | Noticed a deep elf archer
   915 | D        | Noticed a deep elf knight
   915 | D        | Found a transporter.
   918 | D        | Killed a deep elf archer
   919 | D        | Reached skill level 10 in Invocations
   919 | D        | Reached XP level 9. HP: 93/93 MP: 5/16
   920 | D        | Killed a deep elf knight
   921 | D        | Reached skill level 10 in Fighting
   921 | D        | Reached skill level 11 in Invocations
   921 | D        | Reached **** piety under Qazlal
   922 | D        | Reached skill level 10 in Maces & Flails
  1366 | D        | Entered arena 7.
  1631 | D        | Found a transporter.
  1644 | D        | Got Vetseaj's Codex of Orogeny
  1649 | D        | Entered arena 8.
  1649 | D        | Noticed a vault sentinel
  1649 | D        | Noticed a yaktaur captain
  1649 | D        | Noticed a vault warden
  1649 | D        | Noticed an ironbound preserver
  1649 | D        | Noticed an ironbound convoker
  1649 | D        | Noticed a vault guard
  1651 | D        | Killed an ironbound preserver
  1652 | D        | Reached skill level 12 in Invocations
  1652 | D        | Reached XP level 10. HP: 103/103 MP: 11/19
  1653 | D        | Killed a vault warden
  1654 | D        | Reached skill level 10 in Shields
  1654 | D        | Reached skill level 13 in Invocations
  1655 | D        | Found a transporter.
  1656 | D        | Killed a vault guard
  1658 | D        | Noticed a deep elf pyromancer
  1661 | D        | Killed an ironbound convoker
  1662 | D        | Reached skill level 14 in Invocations
  1663 | D        | Killed a vault sentinel
  1665 | D        | Killed a deep elf pyromancer
  1665 | D        | Reached ***** piety under Qazlal
  1665 | D        | Killed a yaktaur captain
  1667 | D        | Reached XP level 11. HP: 60/114 MP: 13/21
  1965 | D        | Got the ring "Warik" {Fly rCorr Stlth+}
  1980 | D        | Entered arena 9.
  1981 | D        | Found a transporter.
  1999 | D        | Got the Vellum of Limitation
  2228 | D        | Entered arena 10.
  2229 | D        | Reached ****** piety under Qazlal
  2230 | D        | Reached skill level 10 in Armour
  2231 | D        | Reached skill level 15 in Invocations
  2231 | D        | Found a transporter.
  2245 | D        | Got the amulet "Woiz" {Spirit rPois Stlth+}
  2248 | D        | Got the ring of Fatodwuz {rPois rF- rC+ rCorr Str+2}
  2271 | D        | Entered arena 11.
  2530 | D        | Found a transporter.
  2574 | D        | Entered arena 12.
  2574 | D        | Noticed a +6 flail of holy wrath
  2574 | D        | Noticed an orc high priest
  2574 | D        | Noticed a deep elf pyromancer
  2574 | D        | Noticed a deep elf high priest
  2574 | D        | Noticed a deep elf knight
  2574 | D        | Noticed a deep elf sorcerer
  2575 | D        | Killed an orc high priest
  2575 | D        | Killed a deep elf knight
  2575 | D        | Killed a deep elf pyromancer
  2576 | D        | Noticed a deep elf annihilator
  2576 | D        | Killed a +6 flail of holy wrath
  2577 | D        | Killed a deep elf sorcerer
  2577 | D        | Noticed a deep elf annihilator
  2577 | D        | Noticed a deep elf master archer
  2578 | D        | Reached skill level 16 in Invocations
  2579 | D        | Killed a deep elf annihilator
  2579 | D        | Killed a deep elf annihilator
  2583 | D        | Killed a deep elf master archer
  2583 | D        | Killed a deep elf high priest
  2584 | D        | Reached skill level 17 in Invocations
  2584 | D        | Reached XP level 12. HP: 30/126 MP: 15/24
  3051 | D        | Found a transporter.
  3068 | D        | Got the Commentary on Accomplices and the Mountains
  3090 | D        | Got the +10 sling of Utzeippa {heavy, rC+ rN+ Dex+2}
  3092 | D        | Entered arena 13.
  3364 | D        | Found a transporter.
  3373 | D        | Got the Precepts of Trauma
  3404 | D        | Entered arena 14.
  3404 | D        | Noticed an ice dragon
  3405 | D        | Noticed a frost giant
  3405 | D        | Noticed a frost giant
  3405 | D        | Found the +0 mask of the Dragon {Will+ Slay+3 SInv}
  3406 | D        | Noticed a blizzard demon
  3407 | D        | Killed an ice dragon
  3407 | D        | Killed a blizzard demon
  3408 | D        | Reached skill level 5 in Dodging
  3408 | D        | Reached skill level 18 in Invocations
  3409 | D        | Killed a frost giant
  3410 | D        | Reached skill level 5 in Ranged Weapons
  3410 | D        | Killed a frost giant
  3602 | D        | Found a transporter.
  3609 | D        | Got the ring of Xom's Whimsicality {*Slow rC+ Will+ SInv
                  | Stlth+}
  3632 | D        | Got the ring "Yggun" {rPois rN+++ rCorr Str-4 Int-4}
  3639 | D        | Entered arena 15.
  3643 | D        | Killed a four-headed hydra
  3644 | D        | Gained mutation: You can use your snake-like lower body to
                  | constrict enemies. [Naga growth]
  3644 | D        | Reached XP level 13. HP: 126/135 MP: 17/26
  4170 | D        | Found a transporter.
  4186 | D        | Got the amulet "Galol" {Acrobat Int+3 Dex+5}
  4188 | D        | Got Bixesm's Secrets of Curses and Congelation
  4207 | D        | Entered arena 16.
  4207 | D        | Noticed a red very ugly thing
  4207 | D        | Noticed a red very ugly thing
  4208 | D        | Found the +6 arbalest "Damnation" {damnation}
  4208 | D        | Noticed a cyan very ugly thing
  4208 | D        | Gained mutation: Your tail ends in a venomous barb. [a
                  | neqoxec]
  4210 | D        | Killed a cyan very ugly thing
  4211 | D        | Reached skill level 19 in Invocations
  4219 | D        | Killed a red very ugly thing
  4220 | D        | Killed a red very ugly thing
  4403 | D        | Found a transporter.
  4413 | D        | Got the +0 pair of gloves "Isokh" {Will+ Stlth+}
  4428 | D        | Got the ring of Odewk {rPois rF++ rC+ EV+5}
  4448 | D        | Entered arena 17.
  4450 | D        | Noticed a nargun
  4450 | D        | Noticed a nargun
  4450 | D        | Noticed a shard shrike
  4451 | D        | Noticed a nargun
  4452 | D        | Killed a nargun
  4452 | D        | Killed a nargun
  4452 | D        | Killed a nargun
  4454 | D        | Killed a shard shrike
  4455 | D        | Reached skill level 20 in Invocations
  4790 | D        | Found a transporter.
  4967 | D        | Entered arena 18.
  4970 | D        | Noticed a royal mummy
  4971 | D        | Noticed a royal mummy
  4975 | D        | Noticed an emperor scorpion
  4976 | D        | Killed a royal mummy
  4976 | D        | Identified the staff of conjuration "Uceofige" {Int+3 SInv}
  4977 | D        | Reached skill level 15 in Fighting
  4977 | D        | Reached skill level 10 in Ranged Weapons
  4977 | D        | Reached XP level 14. HP: 41/147 MP: 10/28
  4979 | D        | Noticed an emperor scorpion
  4979 | D        | Noticed an emperor scorpion
  4979 | D        | Noticed an emperor scorpion
  4979 | D        | Noticed an emperor scorpion
  4979 | D        | Noticed a royal mummy
  4980 | D        | HP: 6/147 [emperor scorpion[a royal mummy] (13)]
  4982 | D        | HP: 2/147 [death scarab[a royal mummy] (19)]
  4984 | D        | Slain by an emperor scorpion

Illustrated notes

Levels and vault maps discovered:
D:        sprint_v [room_start, room_1, room_2, room_3, room_4, room_5, room_6,
          room_7, room_8, room_9, room_10, room_11, room_12, room_13, room_14,
          room_15, room_16, room_17, room_18, room_19, room_20, room_21,
          room_22, room_23, room_24, room_25, room_26, room_27]

Skill      XL: |  1  2  3  4  5  6  7  8  9 10 11 12 13 14 |
---------------+-------------------------------------------+-----
Fighting       | 5 6 7 8 9 10 11 13 14 15 | 15.1
Maces & Flails | 4 5 7 8 9 10 11 13 14 | 14.9
Armour         | 4 5 6 7 8 9 11 12 14 | 14.2
Shields        | 4 5 6 7 8 9 10 12 13 | 13.9
Invocations    | 4 5 7 8 10 12 14 17 18 20 | 20.4
Dodging        | 4 6 7 8 |  8.0
Ranged Weapons | 6 10 | 10.1

Action                     |  1- 3 |  4- 6 |  7- 9 | 10-12 | 13-15 || total
---------------------------+-------+-------+-------+-------+-------++-------
  Melee: Shillelagh        |     3 |     4 |    10 |     7 |    13 ||    37
         Constrict         |       |       |       |       |     2 ||     2
   Fire: Sling             |       |       |       |       |     3 ||     3
 Invoke: Upheaval          |       |       |    13 |    21 |     4 ||    38
         Elemental Force   |       |       |       |     1 |       ||     1
         Disaster Area     |       |       |       |     5 |     4 ||     9
Ability: Spit Poison       |       |     1 |       |       |       ||     1
    Use: Potion            |       |       |       |     4 |     6 ||    10
 Armour: Plate armour      |       |     1 |     3 |     4 |    17 ||    25
  Dodge: Repelled          |       |       |       |     2 |       ||     2
         Dodged            |       |       |       |     2 |    13 ||    15
  Block: Kite shield       |     1 |     3 |    14 |    31 |    42 ||    91
